 Dungeon Crawl Stone Soup version 0.30.1-11-g7821555f0a (webtiles) character file.

Game seed: 10992419166421017177

37 str0hmann the Chopper (level 3, -2/33 HPs)
             Began as a Meteoran Chaos Knight on Nov 20, 2023.
             Was a Plaything of Xom.
             Succumbed to their own poison gas
             ... on level 2 of the Dungeon on Nov 30, 2023.
             The game lasted 00:11:55 (831 turns).

str0hmann the Chopper (Meteoran Chaos Knight)        Turns: 831, Time: 00:11:55

Health: -2/33      AC:  6    Str: 13    XL:     3   Next: 88%
Magic:  4/4        EV: 11    Int: 13    God:    Xom [..*...]
Gold:   48         SH:  0    Dex: 16    Spells: 2/2 levels left

rFire   . . .        a - +0 hand axe (chaos)
rCold   . . .        (no shield)
rNeg    . . .        b - +2 leather armour
rPois   .            (no helmet)
rElec   .            (no cloak)
rCorr   .            (no gloves)
SInv    .            e - +0 pair of boots {Stlth+}
Will    .....        (no amulet)
Stlth   +            g - ring of flight
HPRegen 0.25/turn    (no ring)
MPRegen 0.09/turn

%: no passive effects
@: lethally poisoned (-2 -> -15), flying, glowing
A: sense surroundings 1, otherworldly, glowing, explore regen
a: Renounce Religion


You were on level 2 of the Dungeon.
You worshipped Xom.
You were a toy of Xom.
You visited 1 branch of the dungeon, and saw 2 of its levels.

You collected 48 gold pieces.

Inventory:

Hand Weapons
 a - a +0 hand axe of chaos (weapon)
 j - a +0 trident
Armour
 b - a +2 leather armour (worn)
 e - a +0 pair of boots of stealth (worn)
Jewellery
 g - a ring of flight (left hand)
Scrolls
 f - a scroll of blinking {unknown}
 k - a scroll of fog {unknown}
Potions
 d - a potion of flight
 i - a potion of heal wounds
Miscellaneous
 c - a piece from Xom's chessboard (15/15) (quivered)


   Skills:
 + Level 3.8 Fighting
 + Level 4.7 Axes
 + Level 2.5 Armour
 + Level 1.2 Dodging
 + Level 0.1 Stealth


You had 2 spell levels left.
You didn't know any spells.
Your spell library contained the following spells:

 Spells                   Type           Power      Damage    Failure   Level
 Call Canine Familiar     Summ           0%         N/A       75%         3
 Portal Projectile        Hex/Tloc       0%         N/A       75%         3
 Leda's Liquefaction      Hex/Erth       0%         N/A       98%         4


Dungeon Overview and Level Annotations

Branches:
Dungeon (2/15) Zot: 363

Altars:


Innate Abilities, Weirdness & Mutations

You passively map a small area around you.
You are easily found by Zot.
You glow in the dark.
You regain HP and MP as you explore.


Message History

You miss the quokka.
The quokka is almost dead.
The quokka bites you. The quokka attacks as you move away!
The quokka bites you.
The quokka bites you but does no damage.
You hit the quokka but do no damage.
The quokka is almost dead.
The quokka bites you but does no damage.
The quokka attacks as you move away! The quokka barely misses you.
The quokka attacks as you move away! The quokka barely misses you.
The quokka closely misses you.
You hit the quokka.
You kill the quokka!
k - a scroll labelled XUJYNU JIGO
As you read the scroll labelled RAIJ NELO GOHETZ, it crumbles to dust.
You feel strangely unstable.
It was a scroll of teleportation.
Your surroundings suddenly seem different.
Found a scroll labelled TICOUD UPPUOT.
f - a scroll labelled TICOUD UPPUOT The air fills with toxic fumes!
As you read the scroll labelled MAJEYDIWU, it crumbles to dust.
It was a scroll of poison.
Really fly into that cloud of poison gas? [Y]es or [N]o only, please.
Really fly into that cloud of poison gas?
Uppercase [Y]es or [N]o only, please.
Really fly into that cloud of poison gas? [Y]es or [N]o only, please.
Really fly into that cloud of poison gas?
You are engulfed in poison gas.
You are poisoned.
You feel very sick.
You are engulfed in poison gas.
You are lethally poisoned!
You feel very sick.
* * * LOW HITPOINT WARNING * * *
You feel very sick.
* * * LOW HITPOINT WARNING * * *
You feel very sick.
You die...
Xom chortles!

.######.....#>..### #.# .
.....)....#.#.#...#
#.#...
.#...####.#.#.....# #.#..
.#...# , .#.#.##§.# #.#.
.#...# ...#.# #§#### #.#
.#...#* ###.#.# #§§..#
.#.... ...#.# #☼##..# *
.#..#######.#.###.#*#....
.#..............@.#
#####*
.#...######.#.##### ,
.....######.#.# * * ***
###.........#.# ,
#.#########.#* , , ,* #<#
... , , , , , **### ...,
,,, , , , , , ,,... * * *
, , , , ,* ,


K There were no monsters in sight!

Vanquished Creatures
  A dart slug (D:2)
  2 bats (D:1)
  4 endoplasms (D:1)
  A giant cockroach (D:1)
  2 goblins (D:1)
  A hobgoblin (D:1)
  2 kobolds (D:1)
  2 quokkas
  A frilled lizard (D:1)
  5 rats
21 creatures vanquished.

Vanquished Creatures (others)
  A hound (D:2)
1 creature vanquished.

Grand Total: 22 creatures vanquished

Notes
Turn   | Place    | Note
-------+----------+-------------------------------------------
     0 | D:1      | str0hmann the Meteoran Chaos Knight began the quest for the
                  | Orb.
     0 | D:1      | Reached XP level 1. HP: 19/19 MP: 2/2
    10 | D:1      | XOM: divination: detect creatures
    91 | D:1      | Reached skill level 4 in Axes
   103 | D:1      | Reached XP level 2. HP: 26/26 MP: 3/3
   236 | D:1      | XOM: scenery: 1 doors open
   272 | D:1      | Reached XP level 3. HP: 31/31 MP: 4/4
   463 | D:1      | XOM: 3-stop teleportation journey
   496 | D:1      | Glimpsed the power of Zot.
   546 | D:1      | Glimpsed the power of Zot.
   550 | D:1      | XOM: god gift: +0 pair of boots of stealth
   603 | D:2      | Noticed Sigmund
   612 | D:2      | XOM: confuse monster(s)
   631 | D:2      | Sigmund changed into Sigmund the hound
   631 | D:2      | Noticed Sigmund
   639 | D:2      | Killed Sigmund the hound
   639 | D:2      | XOM: divine lightning
   756 | D:2      | XOM: 6-stop teleportation journey
   790 | D:2      | XOM: god gift: trident {god gift}
   831 | D:2      | Succumbed to their own poison gas

Illustrated notes

Levels and vault maps discovered:
D:1:      minmay_arrival_four_loops, layout_loops_ring
D:2:      layout_basic, minmay_fractal_squares_5, uniq_sigmund

Skill      XL: |  1 |
---------------+----+-----
Axes           | 4 |  4.7
Fighting       | |  3.8
Armour         | |  2.5
Dodging        | |  1.2
Stealth        | |  0.1

Action                     || total
---------------------------++-------
  Melee: Hand axe          ||    62
    Use: Potion            ||     4
         Scroll            ||     3
   Stab: Sleeping          ||     2
         Confused          ||     1
 Armour: Leather armour    ||    19
  Dodge: Dodged            ||    31
